 Dungeon Crawl Stone Soup version 0.21-a0-460-g737a915 (webtiles) character file.

4 4thArraOfDagon the Firebug (level 1, -2/10 HPs)
             Began as a Tengu Fire Elementalist on Nov 20, 2017.
             Slain by an orc (5 damage)
             ... on level 2 of the Dungeon.
             The game lasted 00:00:47 (153 turns).

4thArraOfDagon the Firebug (Tengu Fire Elementalist) Turns: 153, Time: 00:00:49

Health: -2/10      AC:  3    Str:  8    XL:     1   Next: 70%
Magic:  0/4        EV: 12    Int: 15    God:
Gold:   17         SH:  0    Dex: 14    Spells: 3/4 levels left

rFire    . . .     SeeInvis .   (no weapon)
rCold    . . .     Gourm    .   (no shield)
rNeg     . . .     Faith    .   a - +0 robe
rPois    .         Spirit   .   (helmet restricted)
rElec    .         Reflect  .   (no cloak)
rCorr    .         Harm     .   j - +0 pair of gloves
MR       .....                  (boots unavailable)
Stlth    ++........             h - amulet of rage
HPRegen  0.03/turn              (no ring)
MPRegen  0.09/turn              (no ring)

@: no status effects
A: beak, talons 3
a: Evoke Berserk Rage


You were on level 2 of the Dungeon.
You were not hungry.

You visited 1 branch of the dungeon, and saw 3 of its levels.

You collected 17 gold pieces.

Inventory:

Hand Weapons
 i - a +0 whip
Armour
 a - a +0 robe (worn)
 j - a +0 pair of gloves (worn)
Jewellery
 h - an amulet of rage (around neck)
Scrolls
 d - a scroll of fog {unknown}
 e - a scroll of identify {unknown}
 f - a scroll of random uselessness {unknown}
 g - a scroll of fear {unknown}
Books
 b - a book of Flames

   Spells                             Type                      Level
   a - Flame Tongue                   Conjuration/Fire             1
   b - Throw Flame                    Conjuration/Fire             2
   c - Conjure Flame                  Conjuration/Fire             3
   d - Inner Flame                    Hexes/Fire                   3
   e - Sticky Flame                   Conjuration/Fire             4
   f - Fireball                       Conjuration/Fire             5
Comestibles
 c - 2 bread rations
 k - a meat ration


   Skills:
 - Level 2.1 Dodging
 - Level 2.0 Stealth
 + Level 2.0 Spellcasting
 * Level 1.8 Conjurations
 * Level 3.4 Fire Magic


You had 3 spell levels left.
You knew the following spells:

 Your Spells              Type           Power        Failure   Level  Hunger
a - Flame Tongue          Conj/Fire      #....        8%          1    #......


Dungeon Overview and Level Annotations

Branches:
Dungeon (3/15)

Altars:


Innate Abilities, Weirdness & Mutations

You have a beak for a mouth.
You have claws for feet.


Message History

Aim: an orc (almost dead)
The flame tongue misses the orc.
The flame tongue hits the frilled lizard.
You kill the frilled lizard!
The orc hits you.
* * * LOW HITPOINT WARNING * * *
Unknown command.
Really attack barehanded?
Okay, then.
You aren't carrying any potions.
Casting: Flame Tongue
Confirm with . or Enter, or press ? or * to list all spells.
Aiming: Flame Tongue
Press: ? - help, Shift-Dir - straight line, f/p - orc
Aim: an orc (heavily wounded)
The flame tongue misses the orc.
The flame tongue hits the orc.
The orc is almost dead.
The orc hits you.
Ouch! That really hurt!
You die...

...#.###.# #.# ..>#.#
#.# #.# #.##.###.####.##
### ...........[.... ..#
#.######...#..# #.#
#.######...#..# #.#
#..........#..# #.#
#..##.........####.#####
#.. #.###.##..oo@......#
#..##.
#.##..####.###..... #. #
#..........########
####............#
#..#########.####.##
#..# ######........
#..##........#######
.######.....######.#
............# #.#


You could see 2 orcs.

Vanquished Creatures
  A bat (D:1)
  A giant cockroach (D:2)
  A frilled lizard (D:2)
  2 rats (D:2)
5 creatures vanquished.

Notes
Turn   | Place    | Note
-------+----------+-------------------------------------------
     0 | D:1      | 4thArraOfDagon the Tengu Fire Elementalist began the quest for the Orb.
     0 | D:1      | Reached XP level 1. HP: 10/10 MP: 4/4
   153 | D:2      | Slain by an orc

Vault maps used:
D:1:      dpeg_arrival_pits, st_stairs_11, due_unseen_surprise
D:2:      first_bread
D:3:      doesnt_xom_only_xom

Action                   || total
-------------------------++-------
 Cast: Flame Tongue      ||    11
Armor: Robe              ||     1
Dodge: Dodged            ||     5

Table legend:
 A = Spawn XP
 B = Non-spawn XP
 C = Spawn XP percentage of total XP
 D = Spawn monster count
 E = Non-spawn monster count
 F = Spawn count percentage of total count
 G = Total turns spent on level
                    A         B        C        D         E        F      G
               +---------+---------+-------+---------+---------+-------+---------
         Total |       0 |       7 |   0.0 |       0 |       5 |   0.0 |   153
               +---------+---------+-------+---------+---------+-------+---------
           D:1 |       0 |       2 |   0.0 |       0 |       1 |   0.0 |    52
           D:2 |       0 |       5 |   0.0 |       0 |       4 |   0.0 |    99
               +---------+---------+-------+---------+---------+-------+---------
